 Dungeon Crawl Stone Soup version 0.20.1-1-g8b1a95d (webtiles) character file.

188 Melbolja the Chucker (level 5, 0/45 HPs)
             Began as a Hill Orc Hunter on Oct 2, 2017.
             Was an Initiate of Beogh.
             Succumbed to a worker ant's poison
             ... on level 3 of the Dungeon.
             The game lasted 00:19:13 (2964 turns).

Melbolja the Chucker (Hill Orc Hunter)              Turns: 2964, Time: 00:19:14

Health: 0/45       AC:  8    Str: 15      XL:     5   Next: 67%
Magic:  5/5        EV: 10    Int:  9 (11) God:    Beogh [......]
Gold:   140        SH:  0    Dex: 11 (12) Spells: 4/4 levels left

rFire    . . .     SeeInvis .   a - +2 short sword
rCold    + . .     Gourm    .   (no shield)
rNeg     + . .     Faith    .   p - +2 scale mail {rC+}
rPois    .         Spirit   .   (no helmet)
rElec    .         Reflect  .   (no cloak)
rCorr    .         Harm     .   (no gloves)
MR       .....                  (no boots)
Stlth    ..........             (no amulet)
Regen    0.2/turn               t - ring of positive energy
MPRegen  0.1/turn               (no ring)

@: lethally poisoned (0 -> -2)
A: no striking features
a: Renounce Religion


You were on level 3 of the Dungeon.
You worshipped Beogh.
Beogh was noncommittal.
You were not hungry.

You visited 1 branch of the dungeon, and saw 3 of its levels.

You collected 140 gold pieces.

Inventory:

Hand Weapons
 a - a +2 short sword (weapon)
 c - a +0 hunting sling
 d - a +0 hunting sling
 k - a +0 shortbow
Missiles
 e - 7 arrows
 i - 45 bolts
 j - 26 poisoned needles
 n - 4 curare-tipped needles
 o - 108 stones
 r - a throwing net
 s - a javelin (quivered)
Armour
 b - a +0 leather armour
 p - a +2 scale mail of cold resistance (worn)
Jewellery
 t - a ring of positive energy (left hand)
Scrolls
 g - a scroll of teleportation
 l - a scroll of remove curse
Comestibles
 m - 3 fruits
 x - a royal jelly


   Skills:
 + Level 3.1 Fighting
 + Level 1.9 Short Blades
 + Level 4.8 Throwing
 + Level 2.1 Armour
 + Level 2.1 Dodging
 + Level 0.7 Stealth


You had 4 spell levels left.
You didn't know any spells.

Dungeon Overview and Level Annotations

Branches:
Dungeon (3/15)

Altars:
Fedhas
Gozag
Vehumet
Xom


Message History

* * * LOW HITPOINT WARNING * * *
You feel sick.
Found a scroll labeled LOZEHA CUATTA.
Things that are here:
a javelin; a goblin corpse
s - a javelin
* * * LOW HITPOINT WARNING * * *
You feel sick.
* * * LOW HITPOINT WARNING * * *
You feel sick.
Found 19 gold pieces.
You see here a stone.
* * * LOW HITPOINT WARNING * * *
You feel sick.
You see here a scroll labeled LOZEHA CUATTA.
f - a scroll labeled LOZEHA CUATTA
As you read the scroll labeled LOZEHA CUATTA, it crumbles to dust.
It is a scroll of recharging.
You aren't carrying any rechargeable items.
You die...

## <# ## .# #.#######
############# ........#
##....@....... ........#
#............. ........#
#.............
........###.(...........
............(...........
............(......$....
.........†..(...........
#.###.†.................
#.###.................


There were no monsters in sight!

Vanquished Creatures
  An orc priest (D:2)
  A worker ant (D:3)
  Robin (D:2)
  3 adders (D:3)
  An ooze (D:1)
  2 dart slugs
  A leopard gecko (D:3)
  4 orcs
  3 ball pythons
  5 bats
  13 giant cockroaches
  18 goblins
  15 hobgoblins
  2 kobolds (D:2)
  A quokka (D:2)
  3 rats
74 creatures vanquished.

Vanquished Creatures (others)
  An orc (D:3)
1 creature vanquished.

Grand Total: 75 creatures vanquished

Notes
Turn   | Place    | Note
-------+----------+-------------------------------------------
     0 | D:1      | Melbolja the Hill Orc Hunter began the quest for the Orb.
     0 | D:1      | Reached XP level 1. HP: 18/18 MP: 1/1
   125 | D:1      | Reached skill level 4 in Throwing
   125 | D:1      | Reached XP level 2. HP: 25/25 MP: 2/2
   615 | D:1      | Reached XP level 3. HP: 30/30 MP: 3/3
  1235 | D:2      | Noticed Robin
  1252 | D:2      | Killed Robin
  1252 | D:2      | Reached XP level 4. HP: 25/37 MP: 4/4
  1683 | D:2      | Found an opulent altar of Gozag.
  1709 | D:2      | Reached skill level 1 in Short Blades
  1901 | D:3      | Reached skill level 1 in Armour
  1934 | D:3      | Found a blossoming altar of Fedhas.
  1934 | D:3      | Found a shimmering altar of Xom.
  1935 | D:3      | Found a radiant altar of Vehumet.
  2004 | D:3      | Became a worshipper of Beogh the Brigand
  2023 | D:3      | HP: 1/37 [orc/trident (4)]
  2150 | D:2      | Reached XP level 5. HP: 20/44 MP: 5/5
  2956 | D:3      | HP: 2/45 [poisoned by a worker ant]
  2961 | D:3      | HP: 1/45 [poisoned by a worker ant]
  2964 | D:3      | Succumbed to a worker ant's poison

Skill      XL: |  1  2  3  4  5 |
---------------+----------------+-----
Throwing       | 4 |  4.8
Dodging        | 2 |  2.1
Short Blades   | 1 |  1.9
Armour         | 1 2 |  2.1
Fighting       | 3 |  3.1
Stealth        | |  0.7

Action                   |  1- 3 |  4- 6 || total
-------------------------+-------+-------++-------
Melee: Short sword       |    82 |   135 ||   217
Throw: Javelin           |    63 |    37 ||   100
       Throwing net      |     2 |       ||     2
       Stone             |     1 |    13 ||    14
Invok: Convert to Beogh  |       |     1 ||     1
  Use: Scroll            |       |    12 ||    12
       Potion            |       |     2 ||     2
  Eat: Chunk             |     1 |     4 ||     5
       Bread ration      |       |     1 ||     1
Armor: Leather armour    |     2 |       ||     2
       Scale mail        |    55 |    79 ||   134
Dodge: Dodged            |    83 |    88 ||   171
